Cogmind - Beta 10.2 @@@ ROGUE MODE // 2020.11.06 @ 21:56:51 Player: GOR Result: Destroyed by P-60 Hacker with Shock Rifle Performance ------------- Evolutions (4) 2000 Regions Visited (12) 2400 Robots Destroyed (258) 1290 Value Destroyed (10722) 10722 Prototype IDs (33) 660 Alien Tech Used (0) 0 Bonus (5492) 5492 TOTAL SCORE: 22564 Bonus ------- High Alert Combat Kills 3577 Follower Combat Kills 1230 Entered Garrisons 400 Used RIF Installer 1000 Aligned with FarCom 300 Friendly Fire -1015 Cogmind --------- Core Integrity 0/850 Matter 155/300 Energy 253/290 System Corruption 8% Temperature Cool (0) Movement Walking (180) Ox2 Location -6/Factory Parts ------- > --- POWER (2) -------- Reinforced Deuterium Engine > --- PROPULSION (3) --- Carbon-fiber Leg Carbon-fiber Leg Flexi-carbon Leg > --- UTILITY (8) ------ Advanced Heat Sink Advanced Heat Sink High-capacity Storage Unit High-capacity Storage Unit High-capacity Storage Unit Matter Filter Improved Power Shielding > --- WEAPON (2) ------- Hypervelocity Gauss Rifle Heavy Machine Gun > --- INVENTORY (28) --- Medium Treads Improved Medium Treads Improved Medium Treads Improved Medium Treads Carbon-fiber Leg Carbon-fiber Leg Medium Matter Pod (100) Advanced Signal Interpreter Improved Salvage Targeting Computer Improved Power Shielding Relay Coupler [Sentry] (19) Relay Coupler [Hunter] (16) Relay Coupler [Hunter] (18) System Purifier Arc Projector Electrolaser Heavy Laser Shock Bomb Launcher Shock Bomb Launcher Shock Bomb Launcher Rocket Array Remote Datajack Remote Datajack Segregator Peak State ------------ > --- POWER ------------ Light Nuclear Core Light Angular Momentum Engine > --- PROPULSION ------- Improved Carbon-fiber Leg Armored Huge Wheel > --- UTILITY ---------- High-capacity Storage Unit High-capacity Storage Unit High-capacity Storage Unit Hacking Suite System Shield Relay Coupler [Grunt] Relay Coupler [Sentry] Relay Coupler [Hunter] > --- WEAPON ----------- Hypervelocity Gauss Rifle Hypervelocity Gauss Rifle > --- INVENTORY -------- Heavy Deuterium Engine Heavy Deuterium Engine Aluminum Leg Aluminum Leg Improved Cooling System Improved Cooling System High-capacity Matter Pod Hardened Light Armor Plating Relay Coupler [Brawler] Relay Coupler [Duelist] Relay Coupler [Sentry] Relay Coupler [Sentry] Relay Coupler [Hunter] Relay Coupler [Hunter] Relay Coupler [Hunter] System Purifier Improved EM Pulse Cannon Improved EM Pulse Cannon Improved EM Pulse Cannon Proton Cannon Hypervelocity Gauss Rifle Hypervelocity Gauss Rifle Hypervelocity Gauss Rifle Gauss Cannon Heavy Rocket Launcher Remote Datajack Great Axe Segregator [Rating: 62] Favorites ----------- Power Light Nuclear Core Engine Improved Deuterium Engine Power Core Light Nuclear Core Propulsion Armored Treads Treads Armored Treads Leg Aluminum Leg Wheel Armored Huge Wheel Utility Large Storage Unit Device Improved Cooling System Storage Large Storage Unit Processor Improved Targeting Computer Hackware System Shield Protection Improved Medium Armor Plating Weapon Assault Cannon Energy Gun Precision Shock Rifle Energy Cannon Proton Cannon Ballistic Gun Gauss Rifle Ballistic Cannon Assault Cannon Launcher Shock Bomb Launcher Special Weapon Remote Datajack Slashing Weapon Great Axe Special Melee Weapon Improved Datajack Build | -11 -10 -10 -9 -9 -9 -8 -8 -8 -8 -7 -7 -6 ------- Run | Scr Mat Min Mat Min Exi Min Mat Gar Mat Fac Gar Fac Slots Evolved 8 | . . . 2 . . . 2 . . 2 . 2 Power 1 | . . . . . . . . . . . . 1 Propulsion 1 | . . . 1 . . . . . . . . . Utility 6 | . . . 1 . . . 2 . . 2 . 1 Weapon . | . . . . . . . . . . . . . Parts Attached 322 | 1 11 4 10 1 15 1 26 32 21 57 21 122 Power 41 | . 4 1 1 . . 1 3 3 3 6 1 18 Engine 30 | . 4 1 . . . 1 1 . 2 3 1 17 Core 11 | . . . 1 . . . 2 3 1 3 . 1 Reactor . | . . . . . . . . . . . . . Propulsion 71 | . 1 2 4 . 4 . 8 17 4 3 5 23 Treads 23 | . . . 3 . 4 . 8 5 2 . 1 . Leg 43 | . 1 2 1 . . . . 12 2 2 4 19 Wheel 5 | . . . . . . . . . . 1 . 4 Hover . | . . . . . . . . . . . . . Flight . | . . . . . . . . . . . . . Utility 67 | 1 2 . 1 1 5 . 4 4 4 15 6 24 Device 21 | . . . . . 2 . 1 2 . 6 1 9 Storage 11 | 1 2 . . . 2 . . . 2 3 . 1 Processor 3 | . . . . . 1 . 1 1 . . . . Hackware 17 | . . . . . . . 1 1 2 5 2 6 Protection 15 | . . . 1 1 . . 1 . . 1 3 8 Artifact . | . . . . . . . . . . . . . Weapon 143 | . 4 1 4 . 6 . 11 8 10 33 9 57 Energy Gun 20 | . 2 . . . 1 . 1 4 2 6 2 2 Energy Cannon 25 | . . . . . . . . 3 3 2 2 15 Ballistic Gun 32 | . 1 1 1 . . . 3 . 1 6 3 16 Ballistic Cannon 24 | . . . 3 . 3 . 6 1 1 7 . 3 Launcher 12 | . 1 . . . . . 1 . 1 1 1 7 Special Weapon 13 | . . . . . . . . . . 4 . 9 Impact Weapon . | . . . . . . . . . . . . . Slashing Weapon 13 | . . . . . 2 . . . . 5 1 5 Piercing Weapon . | . . . . . . . . . . . . . Special Melee Weapon 4 | . . . . . . . . . 2 2 . . Unidentified Prototypes 8 | . . . 1 . 1 . 1 . 1 3 . 1 Parts Lost 73 | . 2 1 . . 4 . . 7 6 5 5 43 Power 11 | . 1 . . . . . . . 1 . . 9 Propulsion 21 | . . . . . 2 . . 1 3 1 2 12 Utility 16 | . . . . . 1 . . . . 3 3 9 Weapon 25 | . 1 1 . . 1 . . 6 2 1 . 13 Highest Loss Streak 8 | . 1 1 . . 4 . . 2 6 1 3 8 Average Slot Usage (%) 94 | . 100 100 98 100 96 88 97 98 96 92 90 91 Engine 5 | . 14 14 2 . . 9 3 3 4 5 7 9 Core 3 | . . . 8 11 11 1 5 5 4 1 . . Treads 12 | . . . 31 33 32 33 26 11 23 3 1 . Leg 8 | . 28 28 . . . . . 15 1 8 6 12 Wheel 2 | . . . . . . . . . . 4 6 3 Device 3 | . . . . . . . 3 5 . 6 2 4 Storage 23 | . 28 28 22 22 18 33 27 27 33 23 23 20 Processor 2 | . . . . . 4 . 8 9 2 . . . Hackware 9 | . . . . . . . 4 3 9 17 8 21 Protection 4 | . . . 10 11 8 . . . . 2 16 3 Energy Gun 2 | . 10 . . . . 11 1 6 . 2 1 . Energy Cannon 2 | . . . . . . . . 7 12 . 1 2 Ballistic Gun 5 | . 17 28 1 . . . 7 . 2 2 12 4 Ballistic Cannon 6 | . . . 20 22 19 . 7 2 1 8 . 1 Naked Turns . | . . . . . . . . . . . . . Heaviest Build 143 | 15 40 40 49 50 61 65 67 70 90 130 143 142 Greatest Support 68 | 20 20 20 60 60 68 68 68 60 60 40 38 50 Greatest Overweight (x) 28 | . 1 1 1 . 1 . 1 3 28 4 6 7 Average Overweight (x) 1 | . . 1 . . . . . 1 1 3 4 2 Largest Inventory Capacity 30 | 8 16 16 16 16 22 22 22 22 28 30 28 28 Average Capacity 22 | 7 9 16 16 16 14 22 22 22 26 26 28 28 Most Carried 28 | 6 10 15 16 16 22 22 22 22 26 28 28 28 Average Carried 20 | 6 7 12 15 15 13 21 21 21 22 23 27 24 Final Capacity 28 | 8 16 16 16 16 22 22 22 22 28 28 28 28 Final Carried 28 | 6 10 15 15 16 22 22 22 21 24 27 28 24 Class Distribution -------------------- 31% | Hauler-Mutant 27% | Mutant 26% | Bothacker-Mutant 13% | Scavenger-Mutant Dominant Class ---------------- Mutant | -10/Materials Mutant | -10/Mines Mutant | -9/Materials Mutant | -9/Mines Mutant | -9/Exiles Hauler-Mutant | -8/Mines Hauler-Mutant | -8/Materials Scavenger-Mutant | -8/Garrison Bothacker-Mutant | -8/Materials Hauler-Mutant | -7/Factory Hauler-Mutant | -7/Garrison Bothacker-Mutant | -6/Factory Resources | -11 -10 -10 -9 -9 -9 -8 -8 -8 -8 -7 -7 -6 ----------- Run | Scr Mat Min Mat Min Exi Min Mat Gar Mat Fac Gar Fac Matter Collected 6956 | 216 90 203 369 111 173 207 585 570 274 1368 819 1971 Remotely . | . . . . . . . . . . . . . Salvage Created 10004 | 81 270 117 377 42 27 263 1225 1150 647 1000 1109 3696 Parts 497 | 2 24 9 25 3 14 8 68 51 49 52 52 140 Haulers Intercepted 6 | . . . . . . . 2 . 1 2 . 1 Recyclers Shooed 4 | . . . . . . . 1 . 1 1 . 1 Parts Field Recycled . | . . . . . . . . . . . . . Retrieved Matter . | . . . . . . . . . . . . . Parts Self-Destructed . | . . . . . . . . . . . . . Prevented . | . . . . . . . . . . . . . Kills | -11 -10 -10 -9 -9 -9 -8 -8 -8 -8 -7 -7 -6 ------- Run | Scr Mat Min Mat Min Exi Min Mat Gar Mat Fac Gar Fac Combat Hostiles Destroyed 203 | . 9 2 10 5 . 5 24 25 14 19 30 60 Melee 16 | . . . . . . . . . . . 2 14 Guns 87 | . 7 2 . . . 5 10 19 4 8 18 14 Cannons 63 | . . . 10 5 . . 10 6 8 8 4 12 AOE 33 | . 2 . . . . . 4 . 2 3 5 17 Classes Destroyed 20 | 1 5 . 3 2 . 1 2 . 1 2 . 3 Worker 15 | . 1 1 . . . . 1 . 2 3 . 7 Builder 6 | . 1 . . . . . 1 . . 1 . 3 Tunneler 1 | . . . . . . . . . 1 . . . Hauler 6 | . . . . . . . 2 . 1 2 . 1 Recycler 8 | 1 . . . . . . 3 . . 3 . 1 Mechanic 3 | . . . 1 . . . . . . . . 2 Operator 2 | . . . . . . . . . . 2 . . Watcher 14 | . 1 . 1 . . . 4 . 2 2 . 4 Swarmer 48 | . 5 . . 1 . . 11 . 7 3 14 7 Saboteur 1 | . . . . . . . . . . . . 1 Grunt 110 | . 4 2 7 . . 3 6 22 4 9 15 38 Brawler 4 | . . . . . . . 1 1 . 1 . 1 Duelist 6 | . . . 1 . . . 1 . . . . 4 Protector 3 | . . . . . . . . . . . . 3 Sentry 12 | . . . 2 1 . . 5 2 2 . . . Demolisher 1 | . . . . 1 . . . . . . . . Specialist 1 | . . . . . . . . . . . . 1 Hunter 4 | . . . . . . 2 . . 1 . 1 . Programmer 12 | . . . . . . . . . . 6 1 5 Assembled 2 | . . . . 2 . . . . . . . . Best Kill Streak 11 | 1 7 2 5 2 . 3 7 3 6 3 7 11 Combat Bots Only 7 | . 5 2 4 2 . 3 5 3 4 3 7 5 Max Kills in Single Turn 5 | 1 2 1 2 1 1 1 4 1 2 3 3 5 Gunslinging . | . . . . . . . . . . . . . Exploded 4 | . 1 . . . . . 4 . 2 3 3 4 Melee 1 | . . . . . . . . . . . 1 1 Uniques/NPCs Destroyed 2 | . . . . . 2 . . . . . . . EX-BIN (-9/Exiles) 8R-AWN (-9/Exiles) Combat | -11 -10 -10 -9 -9 -9 -8 -8 -8 -8 -7 -7 -6 -------- Run | Scr Mat Min Mat Min Exi Min Mat Gar Mat Fac Gar Fac Damage Taken 15528 | . 418 162 333 129 1022 412 654 1556 957 1230 1797 6858 Core 1925 | . 61 . 20 26 18 51 77 207 217 161 237 850 Absorbed by Shields 8 | . . . . . . . . . . . 8 . Core Remaining (%) 59 | 100 . 75 . . . 71 . . 8 . 43 . Volleys Fired 637 | 4 36 11 27 10 11 . 47 84 39 91 80 197 Largest 2 | 2 2 2 2 2 2 . 2 2 2 2 2 2 Hottest 150 | 70 85 40 88 88 88 . 72 150 150 124 124 144 Shots Fired 1232 | 8 57 22 54 20 22 40 117 167 64 167 155 339 Gun 716 | 8 55 22 . . . 40 70 124 28 58 138 173 Cannon 461 | . . . 54 20 22 . 46 43 35 95 12 134 Launcher 27 | . 2 . . . . . 1 . 1 2 5 16 Special 28 | . . . . . . . . . . 12 . 16 Kinetic 769 | 4 36 22 54 20 22 . 92 37 19 129 126 208 Thermal 228 | 4 19 . . . . 40 24 112 . . . 29 Explosive 14 | . 2 . . . . . 1 . 1 2 5 3 Electromagnetic 193 | . . . . . . . . 18 44 24 24 83 Robot Hit Streak 43 | 3 4 15 8 4 7 15 43 28 9 17 14 16 Robot Miss Streak 7 | 1 7 3 2 2 3 2 3 2 4 3 4 5 Penetration Max 3 | . . . . . . . 1 . 1 1 1 3 Secondary Targets 5 | . . 1 . . . . . 1 . 1 1 1 Max Gunslinging Chain 1 | . . 1 . . . . . 1 . 1 1 1 Autonomous 65 | . . . . . . 40 25 . . . . . Shots Hit Robots 873 | 6 40 17 32 9 16 36 84 124 39 116 93 261 Core Hits 420 | 2 25 6 15 5 2 9 42 48 22 48 46 150 Critical Hits 56 | . . . . . . . 3 2 2 9 3 37 Critical Kills 21 | . . . . . . . 2 1 2 2 2 12 Critical Parts Destroyed 35 | . . . . . . . 1 1 . 7 1 25 Melee Attacks 89 | . . . . . 2 . . . 3 13 6 65 Thermal 3 | . . . . . . . . . . . . 3 Impact . | . . . . . . . . . . . . . Slashing 80 | . . . . . 2 . . . . 10 6 62 Piercing . | . . . . . . . . . . . . . Sneak Attacks 4 | . . . . . 1 . . . . 1 . 2 Combat Hostiles 1 | . . . . . . . . . . 1 . . Follow-up Attacks . | . . . . . . . . . . . . . Damage Inflicted 24612 | 106 677 164 881 258 421 876 2423 2539 1145 3096 2888 9138 Guns 10150 | 106 430 164 . . . 876 1614 1851 465 1039 1864 1741 Cannons 7337 | . . . 881 258 301 . 643 688 517 1661 247 2141 Explosions 4838 | . 247 . . . . . 166 . 163 396 554 3312 Melee 2284 | . . . . . 120 . . . . . 223 1941 Ramming 3 | . . . . . . . . . . . . 3 Kinetic 10724 | 55 279 164 881 258 301 . 1561 628 369 2365 1654 2209 Thermal 5800 | 51 251 . . . . 876 696 1662 35 . 41 2188 Explosive 2106 | . 147 . . . . . 166 . 128 396 513 756 Electromagnetic 3695 | . . . . . . . . 249 613 335 457 2041 Impact . | . . . . . . . . . . . . . Slashing 2284 | . . . . . 120 . . . . . 223 1941 Piercing . | . . . . . . . . . . . . . Highest Corruption 8 | . . . . . . . . . . 5 . 8 Average Corruption 3 | . . . . . . . . . . 3 . 2 Corruption Purged 12 | . . . . . . . . . . 10 . 2 Effects 57 | . . . . . . . . . . 18 . 39 Message Errors 9 | . . . . . . . . . . 5 . 4 Matter Fused 7 | . . . . . . . . . . 2 . 5 Heat Flow Errors 6 | . . . . . . . . . . 1 . 5 Energy Discharges 12 | . . . . . . . . . . 4 . 8 Data Loss (minor) 5 | . . . . . . . . . . 2 . 3 Data Loss (major) 1 | . . . . . . . . . . 1 . . Misfires 1 | . . . . . . . . . . 1 . . Targeting Errors 15 | . . . . . . . . . . 2 . 13 Weapon Failures 1 | . . . . . . . . . . . . 1 Overload Shots . | . . . . . . . . . . . . . Overflow Damage 1114 | . 84 . 3 . . . . 39 59 161 16 752 Projectiles 236 | . . . 3 . . . . 39 59 104 . 31 Explosions 730 | . 84 . . . . . . . . 57 16 573 Melee 148 | . . . . . . . . . . . . 148 Knockbacks 43 | . . . 6 2 . . 6 7 . 11 . 11 Impact 1 | . . . . . . . . . . . . 1 Kinetic 40 | . . . 4 2 . . 6 7 . 11 . 10 Secondary 2 | . . . 2 . . . . . . . . . Self-Inflicted Damage 410 | . . . . . . . . . . . 81 329 Shots 8 | . . . . . . . . . . . 2 6 Rammed 1 | . . . . . . . . . . . . 1 Targets Rammed 1 | . . . . . . . . . . . . 1 Kicked . | . . . . . . . . . . . . . Crushed . | . . . . . . . . . . . . . Highest Temperature 397 | 18 192 9 291 99 165 . 29 237 306 111 238 397 Average Temperature 69 | 10 60 7 68 35 64 . 16 63 89 21 67 89 Received Heat Transfer 4712 | . 141 60 153 38 . 117 108 765 333 363 615 2019 Effects 9 | . . . . . . . . . 1 . 3 5 Shutdowns 2 | . . . . . . . . . . . . 2 Energy Bleed 3 | . . . . . . . . . 1 . 1 1 Interference 4 | . . . . . . . . . . . 2 2 Siege Activations . | . . . . . . . . . . . . . Robots Corrupted 4 | . . . . . . . . . . . 1 3 Combat Hostiles 4 | . . . . . . . . . . . 1 3 Parts Fried 19 | . . . . . . . . . 3 1 1 14 Impact Corruptions . | . . . . . . . . . . . . . Robots Melted . | . . . . . . . . . . . . . Combat Hostiles . | . . . . . . . . . . . . . Parts Melted 7 | . . . . . . 2 . 3 . . . 2 Heat Transferred 7837 | 148 323 . . . . 1147 888 3256 50 . 50 1975 Parts Sabotaged 2 | . . . . . . . . . . . . 2 Parts Stolen . | . . . . . . . . . . . . . Parts Stripped . | . . . . . . . . . . . . . Power Chain Reactions 10 | . . . . . . . . . 1 . 1 8 Missiles Intercepted . | . . . . . . . . . . . . . Alert | -11 -10 -10 -9 -9 -9 -8 -8 -8 -8 -7 -7 -6 ------- Run | Scr Mat Min Mat Min Exi Min Mat Gar Mat Fac Gar Fac Peak Influence 1896 | 5 262 98 415 71 . 169 448 1505 864 738 1603 1896 Initial 841 | . 3 53 16 31 . . 65 291 713 146 516 841 Average 595 | 3 93 61 164 27 . 105 169 946 538 198 1092 1372 Maximum Alert Level 5 | . 1 . 2 . . . 2 4 3 3 5 5 Low Security (%) 42 | 100 94 100 54 100 . 100 69 . 15 69 . . Level 1 10 | . 5 . 44 . . . 26 6 31 16 . . Level 2 7 | . . . 1 . . . 3 25 2 9 11 . Level 3 14 | . . . . . . . . 30 50 4 29 23 Level 4 19 | . . . . . . . . 37 . . 53 51 Level 5 5 | . . . . . . . . . . . 5 24 High Security . | . . . . . . . . . . . . . Max Security . | . . . . . . . . . . . . . Squads Dispatched 36 | . 3 . . 1 . . 1 . 1 10 . 20 Investigation 3 | . . . . 1 . . 1 . . . . 1 Extermination 12 | . . . . . . . . . . 6 . 6 Reinforcement 9 | . 3 . . . . . . . 1 3 . 2 Assault 11 | . . . . . . . . . . 1 . 10 Garrison 1 | . . . . . . . . . . . . 1 Intercept . | . . . . . . . . . . . . . Construction Impeded 1 | . . . . . . . . . . . . 1 Haulers Reinforced 2 | . . . . . . . . . . 1 . 1 Stealth | -11 -10 -10 -9 -9 -9 -8 -8 -8 -8 -7 -7 -6 --------- Run | Scr Mat Min Mat Min Exi Min Mat Gar Mat Fac Gar Fac Distress Signals 11 | . 2 . 1 1 . . 1 . 2 1 . 3 Communications Jammed . | . . . . . . . . . . . . . Distress Signals . | . . . . . . . . . . . . . Times Spotted 371 | . 17 5 18 5 15 5 31 50 23 38 40 124 Peak Tracking Total 15 | . 6 3 5 2 9 3 4 6 4 5 6 15 Tactical Retreats 45 | . . . . . 3 . 2 15 1 2 6 16 Traps | -11 -10 -10 -9 -9 -9 -8 -8 -8 -8 -7 -7 -6 ------- Run | Scr Mat Min Mat Min Exi Min Mat Gar Mat Fac Gar Fac Traps Triggered 30 | . . . . . . . 5 9 . 3 10 3 Indirectly . | . . . . . . . . . . . . . Trap Hack Attempts . | . . . . . . . . . . . . . Triggered . | . . . . . . . . . . . . . Disarmed . | . . . . . . . . . . . . . Reprogrammed . | . . . . . . . . . . . . . Reused . | . . . . . . . . . . . . . Traps Extracted . | . . . . . . . . . . . . . Installed 2 | . . . . . 2 . . . . . . . Triggered . | . . . . . . . . . . . . . Machines | -11 -10 -10 -9 -9 -9 -8 -8 -8 -8 -7 -7 -6 ---------- Run | Scr Mat Min Mat Min Exi Min Mat Gar Mat Fac Gar Fac Machines Disabled 36 | . 3 . . . 1 . 2 5 . 4 4 17 Max in Single Turn 6 | . 2 . . . 1 . 1 2 . 1 1 6 Garrison Access 1 | . . . . . . . . . . . . 1 Garrison Relay 7 | . . . . . . . . 3 . . 4 . Phase Generator 1 | . . . . . . . . 1 . . . . Machines Sabotaged . | . . . . . . . . . . . . . Garrisons Compromised . | . . . . . . . . . . . . . Overloaded Fab Kills . | . . . . . . . . . . . . . Fab Network Shutdowns 1 | . . . . . . . . . . 1 . . Hacking | -11 -10 -10 -9 -9 -9 -8 -8 -8 -8 -7 -7 -6 --------- Run | Scr Mat Min Mat Min Exi Min Mat Gar Mat Fac Gar Fac Machines Accessed 47 | . 2 . 3 1 2 . 8 . 2 16 . 13 Terminals 32 | . 2 . 3 . . . 7 . 2 8 . 10 Fabricators 6 | . . . . . . . . . . 5 . 1 Repair Stations 1 | . . . . . . . . . . . . 1 Recycling Units 1 | . . . . . . . . . . 1 . . Scanalyzers 1 | . . . . . . . . . . 1 . . Garrison Access 3 | . . . . . . . 1 . . 1 . 1 Total Hacks 149 | . 9 . 15 1 13 . 22 . 11 45 . 33 Successful 85 | . 5 . 8 1 13 . 9 . 7 25 . 17 Failed 63 | . 4 . 7 . . . 13 . 4 19 . 16 Catastrophic 12 | . . . . . . . 3 . 1 4 . 4 Database Lockouts 1 | . . . . . . . . . . 1 . . Manual 91 | . 9 . 11 . 1 . 22 . 11 12 . 25 Terminals 107 | . 9 . 15 . . . 21 . 11 25 . 26 Fabricators 17 | . . . . . . . . . . 14 . 3 Repair Stations 2 | . . . . . . . . . . . . 2 Recycling Units 2 | . . . . . . . . . . 2 . . Scanalyzers 2 | . . . . . . . . . . 2 . . Garrison Access 5 | . . . . . . . 1 . . 2 . 2 Terminal Hacks 47 | . 3 . 5 1 13 . 3 . 5 8 . 9 Record 13 | . . . . . 12 . . . . 1 . . Part Schematic 6 | . 2 . . . . . . . . 2 . 2 Robot Schematic 3 | . . . . . . . . . . 1 . 2 Robot Analysis 1 | . . . 1 . . . . . . . . . Prototype ID Bank 1 | . . . . . . . . . . 1 . . Open Door 1 | . . . . 1 . . . . . . . . Branch Access Points 2 | . 1 . 1 . . . . . . . . . Terminal Index 5 | . . . 1 . . . 1 . 1 1 . 1 Fabricator Index 2 | . . . . . . . . . . 1 . 1 Garrison Index 2 | . . . . . . . 1 . . . . 1 Unreport Threat 10 | . . . 2 . . . 1 . 4 1 . 2 EX-Prototype ID Bank 1 | . . . . . 1 . . . . . . . Fabricator Hacks 11 | . . . . . . . . . . 10 . 1 Load Schematic 6 | . . . . . . . . . . 5 . 1 Build 5 | . . . . . . . . . . 5 . . Repair Station Hacks 2 | . . . . . . . . . . . . 2 Scan Component 1 | . . . . . . . . . . . . 1 Repair 1 | . . . . . . . . . . . . 1 Recycling Unit Hacks . | . . . . . . . . . . . . . Scanalyzer . | . . . . . . . . . . . . . Garrison Access Hacks 5 | . . . . . . . 1 . . 2 . 2 Unlock Access 3 | . . . . . . . 1 . . 1 . 1 Coupler Status 2 | . . . . . . . . . . 1 . 1 Unauthorized Hacks 20 | . 2 . 3 . . . 5 . 2 5 . 3 Terminals 20 | . 2 . 3 . . . 5 . 2 5 . 3 Assimilate 1 | . . . . . . . . . . 1 . . Botnet 19 | . 2 . 3 . . . 5 . 2 4 . 3 Fabricators . | . . . . . . . . . . . . . Repair Stations . | . . . . . . . . . . . . . Recycling Units . | . . . . . . . . . . . . . Scanalyzers . | . . . . . . . . . . . . . Garrison Access . | . . . . . . . . . . . . . Data Cores Recovered 1 | . . . . . . . . . . 1 . . Used 1 | . . . . . . . . . . 1 . . Hacking Detections 43 | . 2 . 3 . . . 8 . 2 16 . 12 Full Trace Events 1 | . . . . . . . . . . . . 1 Feedback Events 1 | . . . . . . . . . . . . 1 Corruption 1 | . . . . . . . . . . . . 1 Feedback Blocked . | . . . . . . . . . . . . . Robot Schematics Acquired 3 | . . . . . . . . . . 1 . 2 Robots Built 2 | . . . . . . . . . . 2 . . Matter 219 | . . . . . . . . . . 219 . . Time 116 | . . . . . . . . . . 116 . . Total Robot Build Rating 6 | . . . . . . . . . . 6 . . Part Schematics Acquired 6 | . 2 . . . . . . . . 2 . 2 Parts Built 3 | . . . . . . . . . . 3 . . Matter 350 | . . . . . . . . . . 350 . . Time 175 | . . . . . . . . . . 175 . . Total Part Build Rating 5 | . . . . . . . . . . 5 . . Parts Repaired 1 | . . . . . . . . . . . . 1 Time 54 | . . . . . . . . . . . . 54 Parts Recycled . | . . . . . . . . . . . . . Recycled Matter . | . . . . . . . . . . . . . Retrieved Matter . | . . . . . . . . . . . . . Retrieved Components . | . . . . . . . . . . . . . Parts Scanalyzed . | . . . . . . . . . . . . . Part Schematics Acquired . | . . . . . . . . . . . . . Parts Damaged . | . . . . . . . . . . . . . Bothacking | -11 -10 -10 -9 -9 -9 -8 -8 -8 -8 -7 -7 -6 ------------ Run | Scr Mat Min Mat Min Exi Min Mat Gar Mat Fac Gar Fac Used RIF Installer 2 | . . . . . . . . 1 . . 1 . Signal Jammer 1 | . . . . . . . . . . . 1 . Robots Hacked 21 | . . . . . . . . . 2 8 . 11 Non-combat 4 | . . . . . . . . . . 4 . . Combat 17 | . . . . . . . . . 2 4 . 11 Robot Hacks Applied 25 | . . . . . . . . . 2 11 . 12 no_distress 3 | . . . . . . . . . . 3 . . ignore_repairs 4 | . . . . . . . . . . 4 . . disable_weapons 1 | . . . . . . . . . . . . 1 reboot_system 1 | . . . . . . . . . . 1 . . overwrite_iff 5 | . . . . . . . . . . . . 5 formatsys_high 11 | . . . . . . . . . 2 3 . 6 Relay Couplers Released 29 | . . . . . . . . 11 . . 15 3 Machine Destruction 29 | . . . . . . . . 11 . . 15 3 Attached 11 | . . . . . . . . 1 2 1 2 5 Robots Rewired 9 | . . . . . . . . 9 . . . . Allies Hacked 1 | . . . . . . . . . . . . 1 Hacks Repelled 1 | . . . . . . . . . . . . 1 Allies | -11 -10 -10 -9 -9 -9 -8 -8 -8 -8 -7 -7 -6 -------- Run | Scr Mat Min Mat Min Exi Min Mat Gar Mat Fac Gar Fac Total Allies 29 | . . 3 . . . . . 9 2 5 . 10 Largest Group 9 | . . 3 2 . . . . 9 2 5 2 3 Highest-Rated Group 147 | . . 40 32 . . . . 147 32 138 50 108 Highest-Rated Ally 47 | . . 16 16 . . . . 21 16 32 32 47 Total Orders 1 | . . . . . . . . . . 1 . . STAY 1 | . . . . . . . . . . 1 . . Ally Attacks 231 | . . 5 26 . 40 . . 34 12 36 19 59 Total Damage 7072 | . . 38 374 . 2026 . . 567 94 1403 533 2037 Kills 58 | . . 2 7 . 9 . . 9 2 13 6 10 Allies Corrupted . | . . . . . . . . . . . . . Allies Melted 1 | . . . . . . . . . . . . 1 Turrets Deployed 3 | . . . . . 3 . . . . . . . Intel | -11 -10 -10 -9 -9 -9 -8 -8 -8 -8 -7 -7 -6 ------- Run | Scr Mat Min Mat Min Exi Min Mat Gar Mat Fac Gar Fac Robot Analysis Total 1 | . . . 1 . . . . . . . . . Derelict Logs Recovered 2 | . . 1 . 1 . . . . . . . . Drone Launches . | . . . . . . . . . . . . . Drone Recoveries . | . . . . . . . . . . . . . Exploration | -11 -10 -10 -9 -9 -9 -8 -8 -8 -8 -7 -7 -6 ------------- Run | Scr Mat Min Mat Min Exi Min Mat Gar Mat Fac Gar Fac Turns Passed 17493 | 33 589 786 555 1027 1922 324 1599 2081 757 3394 1342 3084 Spaces Moved 8468 | 17 369 487 256 534 998 193 800 899 288 1720 639 1268 Core 3 | . . . . . . . . . 3 . . . Treads 3644 | . . . 251 534 998 193 800 423 285 154 6 . Legs 2439 | 17 369 487 5 . . . . 476 . 395 53 637 Wheels 2382 | . . . . . . . . . . 1171 580 631 Hover . | . . . . . . . . . . . . . Flight . | . . . . . . . . . . . . . Fastest Speed 115 | 120 120 150 150 170 163 163 160 180 180 130 140 115 Average Speed 161 | 120 124 150 169 170 169 163 169 181 192 151 150 160 Slowest Speed 1450 | 120 150 150 190 170 190 163 180 220 1450 180 280 330 Overloaded Moves . | . . . . . . . . . . . . . Propulsion Burnouts . | . . . . . . . . . . . . . Robots Hopped 1 | . . . . . 1 . . . . . . . Cave-ins Triggered . | . . . . . . . . . . . . . Exploration Rate (%) 55 | 2 59 98 29 93 90 28 62 77 29 36 81 32 Regions Visited 12 Branch Regions 4 Pre-discovered Areas 2 | . . . . 1 1 . . . . . . . Known Exits Taken 4 | . 1 . 1 . . . 1 . . 1 . . Unknown Exits Taken 6 | 1 . 1 . 1 1 1 . . 1 . . . Scrap Searched 5 | . . 1 . 3 . 1 . . . . . . Spaces Dug 25 | . . . . . 1 . 2 . . 10 . 12 Terrain Destroyed 402 | . 14 . 6 8 2 9 12 93 7 36 33 182 Melee 16 | . . . . . 1 . . . . 10 . 5 Projectile 67 | . . . 6 8 1 9 12 1 1 13 3 13 AOE 319 | . 14 . . . . . . 92 6 13 30 164 Terrain Rammed . | . . . . . . . . . . . . . Walls Destroyed . | . . . . . . . . . . . . . Machines Disabled . | . . . . . . . . . . . . . Actions | -11 -10 -10 -9 -9 -9 -8 -8 -8 -8 -7 -7 -6 --------- Run | Scr Mat Min Mat Min Exi Min Mat Gar Mat Fac Gar Fac Total 10945 | 21 443 524 327 637 1209 203 947 1185 421 2322 854 1852 Wait 887 | . 8 14 11 79 138 7 48 41 51 365 30 95 Move 8453 | 16 368 486 255 533 995 192 799 898 287 1719 637 1268 Hop 1 | . . . . . 1 . . . . . . . Pick Up 176 | . 10 6 8 7 24 1 9 14 9 29 9 50 Fast Attach 94 | 1 4 1 9 1 2 1 14 9 10 9 5 28 Attach 86 | . 2 1 1 . 7 . 5 7 4 11 5 43 Detach 14 | . . . 1 . 1 . 2 . . 4 . 6 Swap 142 | . 5 2 . . 6 . 7 16 7 37 11 51 Drop 186 | . 10 3 15 7 20 2 16 29 11 26 7 40 Fire 637 | 4 36 11 27 10 11 . 47 84 39 91 80 197 Melee 89 | . . . . . 2 . . . 3 13 6 65 Ram . | . . . . . . . . . . . . . Kick 1 | . . . . . . . . . . . . 1 Crush . | . . . . . . . . . . . . . Escape Stasis 107 | . . . . . . . . 19 . 16 64 8 Rewire 70 | . . . . . . . . 68 . 2 . . Trap 2 | . . . . . 2 . . . . . . . Miscellaneous . | . . . . . . . . . . . . . Route ------- -11/Scrapyard -10/Materials (discovered 3 exits: *Mat x2 / *Min) -10/Mines (discovered 2 exits: *Mat x2) -9/Materials -9/Mines (discovered 3 exits: *Mat x2 / *Exi) -9/Exiles (discovered 2 exits: [*Min x2]) -8/Mines (discovered 2 exits: *Mat x2) -8/Materials (discovered 4 exits: *Fac x2 / [*Sto] / Gar) -8/Garrison (discovered 2 exits: *Mat x2) -8/Materials -7/Factory (discovered 2 exits: *Fac / Gar) -7/Garrison (discovered 3 exits: *Fac x3) -6/Factory (discovered 1 exit: Gar) History --------- Turn | Location | Event 1 | -11/Scrapyard | Discovered new exit (range 3) 34 | -11/Scrapyard | Entered Materials 173 | -10/Materials | Discovered new exit (range 8) 258 | -10/Materials | Identified exit to Mines 309 | -10/Materials | Build established: Mutant 543 | -10/Materials | Discovered new exit (range 16) 623 | -10/Materials | Entered Mines 632 | -10/Mines | Met a Derelict bent on vengeance 834 | -10/Mines | Assisted by bots powering up and referring to "LRC-V3" 879 | -10/Mines | Discovered new exit (range 8) 984 | -10/Mines | Found a hidden stash of uninstalled traps 1032 | -10/Mines | Learned Materials security intel 1185 | -10/Mines | Discovered new exit (range 5) 1409 | -10/Mines | Entered Materials 1409 | -9/Materials | Accompanied by 2 allies 1409 | -9/Materials | Evolved 2 slots: Propulsion x1, Utility x1 1631 | -9/Materials | Discovered new exit (range 14) 1660 | -9/Materials | Identified exit to Mines 1964 | -9/Materials | Entered Mines 1978 | -9/Mines | Joined a pair of Derelicts in attacking an 0b10 outpost 2031 | -9/Mines | Assembled infested the area 2384 | -9/Mines | A weapon hastily lodged in a ceiling crevice suddenly fell to the ground 2562 | -9/Mines | Discovered new exit (range 3) 2567 | -9/Mines | Discovered new exit (range 13) 2701 | -9/Mines | Met a Derelict shopkeep closing up shop 2984 | -9/Mines | Deemed a non-threat by the Exiles lab entrance 2984 | -9/Mines | Discovered new exit (range 5) 2991 | -9/Mines | Entered Exiles 3032 | -9/Exiles | Met 8R-AWN 3061 | -9/Exiles | Met EX-HEX 3110 | -9/Exiles | Met EX-BIN 3134 | -9/Exiles | Aligned with FarCom system 3136 | -9/Exiles | Given EX-Vault access code 3192 | -9/Exiles | Opened EX-Vault 3244 | -9/Exiles | Warned to stay clear of 0b10 Research branches 3294 | -9/Exiles | Met EX-DEC 3381 | -9/Exiles | Discovered new exit (range 12) 3508 | -9/Exiles | Visited The Gauntlet 3851 | -9/Exiles | Learned location of Zion (-6) 3967 | -9/Exiles | Found Flying Fortress v7 3977 | -9/Exiles | Found Deploy-a-Sentry 3980 | -9/Exiles | Found Deploy-a-Sentry 4037 | -9/Exiles | DAS Turret deployed 4039 | -9/Exiles | DAS Turret deployed 4077 | -9/Exiles | Found Deploy-a-Sentry 4122 | -9/Exiles | DAS Turret deployed 4223 | -9/Exiles | Destroyed EX-BIN 4224 | -9/Exiles | Attacked by the Exiles 4276 | -9/Exiles | Allies destroyed 8R-AWN 4581 | -9/Exiles | Lost 4 parts (2n1u1w) 4685 | -9/Exiles | Found AWS/Thermal 4749 | -9/Exiles | Found Prototype Device 4749 | -9/Exiles | Identified System Purifier 4891 | -9/Exiles | Discovered new exit (range 14) 4913 | -9/Exiles | Stole two prototypes: AWS/Thermal, Flying Fortress v7 4913 | -9/Exiles | Entered Mines 4971 | -8/Mines | Discovered new exit (range 5) 5043 | -8/Mines | Build established: Hauler-Mutant 5118 | -8/Mines | Discovered new exit (range 15) 5237 | -8/Mines | Entered Materials 5237 | -8/Materials | Evolved 2 slots: Utility x2 5493 | -8/Materials | Discovered new exit (range 8) 6082 | -8/Materials | Discovered new exit (range 13) 6397 | -8/Materials | Build established: Scavenger-Mutant 6424 | -8/Materials | Discovered new exit (range 14) 6831 | -8/Materials | Identified exit to Garrison 6836 | -8/Materials | Entered Garrison 6845 | -8/Garrison | Installed Relay Interface Framework 6916 | -8/Garrison | Triggered checkpoint 6948 | -8/Garrison | Garrison Relay disabled 7242 | -8/Garrison | Triggered checkpoint 7354 | -8/Garrison | Build established: Hauler-Mutant 7720 | -8/Garrison | Garrison Relay disabled 7786 | -8/Garrison | Build established: Scavenger-Mutant 7802 | -8/Garrison | Triggered checkpoint 7814 | -8/Garrison | Triggered checkpoint 7870 | -8/Garrison | Triggered checkpoint 8136 | -8/Garrison | Triggered checkpoint 8137 | -8/Garrison | Core integrity fell below 50% 8319 | -8/Garrison | Phase Generator disabled 8341 | -8/Garrison | Discovered new exit (range 4) 8484 | -8/Garrison | Triggered checkpoint 8538 | -8/Garrison | Discovered new exit (range 12) 8604 | -8/Garrison | Triggered checkpoint 8639 | -8/Garrison | Garrison Relay disabled 8720 | -8/Garrison | Triggered checkpoint 8761 | -8/Garrison | Spotted B-75 Beast 8761 | -8/Garrison | Spotted B-75 Beast 8917 | -8/Garrison | Entered Materials 8949 | -8/Materials | Build established: Bothacker-Mutant 9195 | -8/Materials | Discovered new exit (range 11) 9539 | -8/Materials | Core integrity fell below 20% 9572 | -8/Materials | Lost 6 parts (1p3n2w) 9674 | -8/Materials | Entered Factory 9674 | -7/Factory | Evolved 2 slots: Utility x2 9771 | -7/Factory | Build established: Hauler-Mutant 10159 | -7/Factory | Identified exit to Garrison 10391 | -7/Factory | Build established: Bothacker-Mutant 10788 | -7/Factory | Fabricated Hcp. Storage Unit? 10949 | -7/Factory | Fabricated Hcp. Storage Unit (x1) 11226 | -7/Factory | Build established: Hauler-Mutant 11388 | -7/Factory | Central database locked down 12442 | -7/Factory | Fabricated Hacking Suite (x1) 12558 | -7/Factory | Fabricated H-55 Commando? 12588 | -7/Factory | Local fabrication network quarantined 12617 | -7/Factory | Discovered new exit (range 2) 12874 | -7/Factory | First assault squad dispatched 13068 | -7/Factory | Entered Garrison 13068 | -7/Garrison | Accompanied by 2 allies 13075 | -7/Garrison | Expanded RIF knowledge: Signal Jamming 13096 | -7/Garrison | Triggered checkpoint 13215 | -7/Garrison | Garrison Relay disabled 13219 | -7/Garrison | Triggered checkpoint 13326 | -7/Garrison | Triggered checkpoint 13491 | -7/Garrison | Triggered checkpoint 13499 | -7/Garrison | Triggered checkpoint 13500 | -7/Garrison | Triggered checkpoint 13536 | -7/Garrison | Destroyed 7 combat bots 13612 | -7/Garrison | Triggered checkpoint 13707 | -7/Garrison | Discovered new exit (range 8) 13882 | -7/Garrison | Triggered checkpoint 13982 | -7/Garrison | Garrison Relay disabled 14018 | -7/Garrison | Triggered checkpoint 14059 | -7/Garrison | Discovered new exit (range 15) 14214 | -7/Garrison | Triggered checkpoint 14220 | -7/Garrison | Core integrity fell below 50% 14222 | -7/Garrison | Garrison Relay disabled 14248 | -7/Garrison | Triggered checkpoint 14284 | -7/Garrison | Lost 3 parts (1n2u) 14285 | -7/Garrison | Build established: Bothacker-Mutant 14336 | -7/Garrison | Garrison Relay disabled 14375 | -7/Garrison | Discovered new exit (range 8) 14410 | -7/Garrison | Entered Factory 14410 | -6/Factory | Evolved 2 slots: Power x1, Utility x1 14629 | -6/Factory | Repaired System Purifier 14760 | -6/Factory | First assault squad dispatched 15000 | -6/Factory | Garrison activated, responded to threat 15035 | -6/Factory | Identified exit to Garrison 15412 | -6/Factory | Lost 6 parts (2p3n1w) 16119 | -6/Factory | Spotted B-75 Beast 16784 | -6/Factory | Lost 8 parts (3p1n2u2w) 16808 | -6/Factory | Core integrity fell below 50% 16857 | -6/Factory | Lost 5 parts (1p2n2u) 16963 | -6/Factory | Lost 8 parts (1p2n3u2w) 17133 | -6/Factory | Found Prototype Launcher 17133 | -6/Factory | Identified Rocket Array 17206 | -6/Factory | Core integrity fell below 20% 17494 | -6/Factory | Destroyed by P-60 Hacker with Shock Rifle Last Messages --------------- 17479_ HV Slug penetrates G-50 Soldier. 17479_ HV Slug penetrates R-10 Processor. 17479_ R-10 Processor suffers critical hit. 17479_ Destroyed Hpw. Tractor Beam. 17481_ HV Slug penetrates G-50 Soldier. 17481_ HV Slug penetrates Wall. 17484_ HV Slug penetrates G-50 Soldier. 17486_ K-01 Serf collects debris. 17487_ HV Slug penetrates G-50 Soldier. 17487_ HV Slug penetrates Wall. 17489_ K-01 Serf collects debris. 17490_ HV Slug penetrates G-50 Soldier. 17490_ G-50 Soldier suffers critical hit. 17490_ Destroyed Carbon-fiber Leg. 17490_ HV Slug penetrates Wall. 17490_ System corrupted: Hvy. Machine Gun targeting data glitched. 17490_ G-50 Soldier destroyed. 17492_ K-01 Serf collects debris. 17493_ HV Slug penetrates P-60 Hacker. 17493_ HV Slug penetrates Wall. Map ----- +----------------------------------------------------+ | ????# ## ##################### + """ | | ????# """ ## # """ | | ????# """????# # """ | | ????# """????# # "S | | ????# ???????# % #################+####### "" | | ?????????????## ##??????????# # "" | | ?############## #???????????# # | | ?# # #???????????# " " " ####### | | ?# + #???####????# " " " #?????? | | ?# ! # #?? ""????# " " " =! #?????? | | ?# # #?? "Y????# " " " #?????? | | ?# # #? " ????# " " " = #?????? | | ?# !!! # #? ????# " " " #?????? | | ?# !!! # # """ ""????# " " " #?????? | | ?# !! # # """ ""????? " " " #?????? | | ?# # + """ ""????? " " " #?????? | | ?# # # #?? #?????? | | ?# # ############?#############?????? | | ?# ! # ## !!! #???????????????????? | | ?############## ## !!! #???????????????????? | | ??????????????# ## !!! #???????????????????? | | ??????????????# ## #???????????????????? | | ??????????????# ## #???????????????????? | | ??????????????# ## #???????????????????? | | ??????????????# ## #???????????????????? | | ?????????????## %## Rk@ #???????????????????? | | ?????????????# #####p###########+####????????? | | ?????????????# %% #????????? | | ?????????????+ #????????? | | ?????????????# % ! #????????? | | ?????????????# ###+############## ??? | | ?????????????## ## #???# ??? | | ??????????????# ## #???# ? ??? | | ??????????????# ## #???# ########## | | ??????????????# ## #???# # | | ??????????????# ## #???# # | | ?????########## + #???# #[ | | ?????# ## #???# % " % | | ######+## ###### ### #???# #%= | | # # # #?# #??##%! # | | + # + #?# #??##= / ! | | ### ###?# % #??##* #%= ! | | ??# #???# #??## # | | #######???# ##??##############??## % # | | ??????????####"###???????#######???##% # | | ???????#######"###???????? * #! # | | ???????# # #??????????""" # ########## | | ???????# ###???????????""S"" / #????????? | | ???????# #?????????????""""" # #????????? | | ???????# #???????????? # #????????? | +----------------------------------------------------+ Best States ------------- Heat Dissipation 78 Energy Generation 31 Energy Capacity 520 Matter Stores 307 Matter Capacity 500 Sight Range 16 Terrain Scan Density 10 Cloak Strength 2 Heat Shielding 100 Armor Coverage 600 Resistance: KI 20 Resistance: TH 20 Core Shielding 20 Power Shielding 66 Weapon Cycling 15 Evasion (%) 40 Targeting Accuracy 8 Recoil Reduction 3 Matter Filtering 30 Salvage Targeting 1 Offensive Hacking 17 Defensive Hacking 10 Relay Coupler Types 50 Relay Coupler Value 3 Item Schematics ----------------- Hcp. Storage Unit | -10/Materials | Hacked Lrg. Storage Unit | -10/Materials | Hacked Hacking Suite | -7/Factory | Hacked Imp. Powered Armor | -7/Factory | Hacked Imp. Salvage Targeting Computer | -6/Factory | Hacked Hvy. Treads | -6/Factory | Hacked Robot Schematics ------------------ H-55 Commando | -7/Factory | Hacked P-60 Hacker | -6/Factory | Hacked G-50 Soldier | -6/Factory | Hacked Fabricated ------------ Hcp. Storage Unit | x1 | -7/Factory Hcp. Storage Unit | x1 | -7/Factory Hacking Suite | x1 | -7/Factory H-55 Commando | x2 | -7/Factory Alien Tech Used ----------------- None Achievements -------------- None Challenges ------------ None Game ------ Seed ArchitectCouplerTerminator Manual? 0 Play Time 02:54:13 Cumulative 155.2 hours Start 2020.11.06 @ 03:04:15 End 2020.11.06 @ 21:56:51 Sessions 3 Manual Loads 0 Difficulty Rogue Special Mode None Game No. 102 Rogue 102 Adventurer 0 Explorer 0 Win Type - Total 8 Types 6/0/0/2/0/0/0/0/0 Lore% 49 Gallery% 74 Achievement% 61 Wizard Run 0 Options --------- ASCII 0 Keyboard 0 Movement Mouse Keybinds 1 Fullscreen 2 Font 24/Terminus Map View 76x50 Tactical HUD 1 Map Filters NONE Filters NONE Steam 1 RUN: 6a40e568-2ae0-4246-85d1-e012a4e937db